AoeStats
← xlalox corona

MegaRandom

504909213Analyzed
1v1 RM · 24d ago on Sep 7, 2026· 28m 9s· 2 players
Game mode
Random Map
Map size
Tiny (2 player)
Population
200
Speed
Normal
Resources
Standard
Victory
Conquest
Starting age
Dark Age
Ending age
Imperial Age
RankedLock teamsTeams togetherTeam positionsShared explorationLock speedFull tech treeHidden civsTurbo modeCheats
Victory
Defeat
🇲🇽 Koreans · Mexico
1699
+14
🇹🇷 Celts · Türkiye
1656
-14
theanswer5
5:32 Loom
10:59 Feudal Age
11:23 Man-at-Arms
13:33 Double-Bit Axe
16:50 Fletching
18:53 Padded Archer Armor
23:51 Castle Age
22:05 Horse Collar
22:45 Gold Mining
23:56 Crossbowman
24:33 Bodkin Arrow
27:32 Bow Saw
28:49 Wheelbarrow
28:16 Stone Mining
xlalox corona
13:15 Feudal Age
13:13 Loom
13:31 Man-at-Arms
16:25 Double-Bit Axe
20:35 Castle Age
19:24 Fletching
20:13 Horse Collar
20:37 Crossbowman
21:53 Bodkin Arrow
23:59 Ballistics
24:08 Bow Saw
25:43 Town Watch
Connection lost

Rejoining the realm…

Still unreachable

The connection could not be restored.

Session expired

The server has moved on; the page needs a fresh start.